 Dungeon Crawl Stone Soup version 0.25.1-2-g60ff931df9 (webtiles) character file.

Game seed: 17719661361927834214

63 nikku the Skirmisher (level 4, -4/40 HPs)
             Began as a Hill Orc Fighter on Nov 18, 2020.
             Killed by divine providence
             ... invoked by an orc priest
              (11 damage)
             ... on level 3 of the Dungeon.
             The game lasted 00:02:46 (1602 turns).

nikku the Skirmisher (Hill Orc Fighter)             Turns: 1602, Time: 00:02:46

Health: -4/40      AC:  7    Str: 19    XL:     4   Next: 10%
Magic:  4/4        EV:  7    Int:  8    God:
Gold:   176        SH: 10    Dex: 10    Spells: 3/3 levels left

rFire    . . .     SeeInvis .   a - +1 war axe
rCold    . . .     Gourm    .   c - +1 kite shield
rNeg     . . .     Faith    .   b - +0 scale mail
rPois    .         Spirit   .   (no helmet)
rElec    .         Reflect  .   (no cloak)
rCorr    .         Harm     .   (no gloves)
MR       .....                  (no boots)
Stlth    ..........             (no amulet)
HPRegen  0.13/turn              (no ring)
MPRegen  0.09/turn              (no ring)

@: no status effects
A: no striking features
a: Convert to Beogh


You were on level 3 of the Dungeon.
You were not hungry.

You visited 1 branch of the dungeon, and saw 3 of its levels.

You collected 176 gold pieces.

Inventory:

Hand Weapons
 a - a +1 war axe (weapon)
Missiles
 k - 7 boomerangs (quivered)
Armour
 b - a +0 scale mail (worn)
 c - a +1 kite shield (worn)
Scrolls
 h - a scroll of enchant armour
 i - a scroll of remove curse {unknown}
 l - a scroll of teleportation
Potions
 d - a potion of might
 e - a potion of heal wounds
 j - a potion of degeneration {unknown}
 m - a potion of invisibility
Comestibles
 f - 3 rations
 g - 2 chunks of flesh


   Skills:
 + Level 4.2 Fighting
 + Level 3.6 Axes
 + Level 3.9 Armour
 + Level 3.9 Shields


You had 3 spell levels left.
You didn't know any spells.
Your spell library was empty.

Dungeon Overview and Level Annotations

Branches:
Dungeon (3/15)

Altars:
Vehumet


Message History

The orc priest shouts, "Surrender to Beogh and we'll let you live!"
You hit the orc.
The orc is lightly wounded.
The orc priest shouts, "Surrender to Beogh and we'll let you live!"
You hit the rat.
You kill the rat!
The orc priest threatens, "By the altar or by the axe, you will meet Beogh!"
The orc priest looks satisfied for a moment.
The orc hits you with a +0 hand axe. The orc barely misses you.
The orc priest calls upon Beogh to heal the orc.
The orc's wounds heal themselves!
The orc priest miscasts a cantrip.
The orc priest miscasts a cantrip.
The orc priest mumbles some strange prayers to Beogh against you.
Beogh smites you!
* * * LOW HITPOINT WARNING * * *
The orc priest calls down the wrath of Beogh upon you.
Beogh smites you!
You die...

#...........# #.........
#...........# #......... .
#...........# #......... ..
#...........# #.........
... #...........#
#......... ....
#...........# #.........
..... #....)...รท..#
#.........
......#...........####
#.........
......)..o..ooo.@....#
########.#
......#.......Z...##.# #.#
.....
#...........##.##########.#
....
#...........##............#
###
###########################


You could see 2 orc priests, 2 orcs and a hound skeleton.

Vanquished Creatures
  An adder (D:2)
  A worm (D:2)
  A dart slug (D:1)
  2 leopard geckos (D:3)
  An orc (D:3)
  4 bats (D:1)
  2 giant cockroaches (D:1)
  5 goblins (D:1)
  7 hobgoblins
  4 jackals (D:1)
  4 frilled lizards
  6 kobolds
  7 rats
45 creatures vanquished.

Notes
Turn   | Place    | Note
-------+----------+-------------------------------------------
     0 | D:1      | nikku the Hill Orc Fighter began the quest for the Orb.
     0 | D:1      | Reached XP level 1. HP: 19/19 MP: 1/1
   154 | D:1      | Reached XP level 2. HP: 18/27 MP: 2/2
   406 | D:1      | Reached skill level 4 in Fighting
   440 | D:1      | Reached XP level 3. HP: 33/33 MP: 3/3
  1062 | D:2      | Found a radiant altar of Vehumet.
  1073 | D:2      | Found a faded altar of an unknown god.
  1555 | D:3      | Reached XP level 4. HP: 40/40 MP: 4/4
  1602 | D:3      | Killed from afar by an orc priest

Illustrated notes

Levels and vault maps discovered:
D:1:      erik_arrival_blinker_ship, layout_basic, minmay_tetromino_l4
D:2:      layout_basic, old_standard_altar, chequers_ecumenical_altar_simple
D:3:      layout_basic, uniq_robin

Skill      XL: |  1  2 |
---------------+-------+-----
Axes           | 3 |  3.6
Fighting       | 4 |  4.2
Armour         | |  3.9
Shields        | |  3.9

Action                   |  1- 3 |  4- 6 || total
-------------------------+-------+-------++-------
Melee: War axe           |   119 |    15 ||   134
  Use: Scroll            |     7 |       ||     7
  Eat: Chunk             |     2 |       ||     2
Armor: Scale mail        |    59 |     3 ||    62
Dodge: Dodged            |    40 |     3 ||    43
Block: Kite shield       |    70 |    12 ||    82
